AA
EL PASO DESTROYERS @ PENSACOLA BLUE WAHOOS
04/09/2024
 
TOP OF THE 1ST
El Paso Destroyers batting - Pitching for Pensacola Blue Wahoos : RHP Will Warren
Pitching: RHP Will Warren
Batting: LHB J.D. Orr 0-0: Called Strike
0-1: Swinging Strike
0-2: Foul Ball, location: 23F
0-2: Ball
1-2: Ball
2-2: Foul Ball, location: 7LMF
2-2: Ball
3-2: Foul Ball, location: 5SF
3-2: Base on Balls
Batting: LHB Steele Walker 0-0: Called Strike
0-1: SINGLE (Line Drive, 8RS, EV 104.4 MPH)
J.D. Orr to second
Batting: RHB Andre Lipcius 0-0: Foul Ball, location: 7LSFF
0-1: Called Strike
J.D. Orr steals 3rd base
Steele Walker to second
0-2: Strikes out swinging
Batting: RHB Andres Alvarez 0-0: Ball
1-0: Ball
2-0: Called Strike
2-1: Foul Ball, location: 2F
2-2: Foul Ball, location: 2F
2-2: Foul Ball, location: 2F
2-2: Ball
3-2: Foul Ball, location: 3F
3-2: Strikes out looking
Batting: RHB Jordan Groshans 0-0: Swinging Strike
0-1: Ball
1-1: Ball
2-1: Fly out, F5 (Popup, 56S, EV 84.4 MPH)
Top of the 1st over - 0 runs, 1 hit, 0 errors, 2 left on base; El Paso 0 - Pensacola 0
BOTTOM OF THE 1ST
Pensacola Blue Wahoos batting - Pitching for El Paso Destroyers : RHP Robinson Pina
Pitching: RHP Robinson Pina
Batting: LHB Brett Bateman 0-0: Ball
1-0: Fly out, F7 (Flyball, 7, EV 88.8 MPH)
Batting: SHB Lucius Fox 0-0: Ball
1-0: Called Strike
1-1: Called Strike
1-2: Foul Ball, location: 2F
1-2: Ball
2-2: Ball
3-2: Fly out, F8 (Line Drive, 8RM, EV 89.4 MPH)
Batting: LHB Dalton Rushing 0-0: Called Strike
0-1: Ball
1-1: Ball
2-1: Fly out, F7 (Flyball, 7S, EV 92.5 MPH)
Bottom of the 1st over - 0 runs, 0 hits, 0 errors, 0 left on base; El Paso 0 - Pensacola 0
TOP OF THE 2ND
El Paso Destroyers batting - Pitching for Pensacola Blue Wahoos : RHP Will Warren
Batting: SHB Wenceel Perez 0-0: Called Strike
0-1: Foul Ball, location: 7LSF
0-2: Foul Ball, location: 2F
0-2: Ball
1-2: Foul Ball, location: 7LDF
1-2: Foul Ball, location: 7LSF
1-2: SOLO HOME RUN (Line Drive, 89XD, EV 110.6 MPH), Distance : 421 ft
Batting: RHB Jose Azocar 0-0: Called Strike
0-1: Foul Ball, location: 2F
0-2: Ball
1-2: Strikes out swinging
Batting: SHB Jose Herrera 0-0: Called Strike
0-1: Ball
1-1: SINGLE (Line Drive, 78S, EV 108.8 MPH)
Batting: RHB William Simoneit 0-0: Ball
1-0: Swinging Strike
1-1: Swinging Strike
1-2: Ball
2-2: Grounds into double play, 6-4-3 (Groundball, 6, EV 78.8 MPH)
Top of the 2nd over - 1 run, 2 hits, 0 errors, 0 left on base; El Paso 1 - Pensacola 0
BOTTOM OF THE 2ND
Pensacola Blue Wahoos batting - Pitching for El Paso Destroyers : RHP Robinson Pina
Batting: SHB Jacob Berry 0-0: Called Strike
0-1: Foul Ball, location: 25F
0-2: Ball
1-2: Foul Ball, location: 2F
1-2: Strikes out looking
Batting: LHB Joe Rizzo 0-0: Called Strike
0-1: Ball
1-1: Ball
2-1: Ball
3-1: Swinging Strike
3-2: Strikes out looking
Batting: RHB Cody Freeman 0-0: Ball
1-0: Ball
2-0: Called Strike
2-1: Ball
3-1: Swinging Strike
3-2: Foul Ball, location: 2F
3-2: Base on Balls
Batting: LHB Darren Baker 0-0: Ball
1-0: Ball
2-0: Called Strike
2-1: Foul Ball, location: 2RF
2-2: Ground out 5-3 (Groundball, 56, EV 98.8 MPH)
Bottom of the 2nd over - 0 runs, 0 hits, 0 errors, 1 left on base; El Paso 1 - Pensacola 0
TOP OF THE 3RD
El Paso Destroyers batting - Pitching for Pensacola Blue Wahoos : RHP Will Warren
Batting: LHB J.D. Orr 0-0: Ball
1-0: Foul Ball, location: 2F
1-1: Called Strike
1-2: Strikes out swinging
Batting: LHB Steele Walker 0-0: Called Strike
0-1: Ball
1-1: Called Strike
1-2: SINGLE (Line Drive, 8LS, EV 95.0 MPH)
Batting: RHB Andre Lipcius 0-0: Ball
1-0: Ball
2-0: DOUBLE (Line Drive, 5D, EV 93.8 MPH)
Steele Walker to third
Runner from 3rd tries for Home, SAFE, no throw by LF
Batting: RHB Andres Alvarez 0-0: Called Strike
0-1: Ball
1-1: Foul Ball, location: 2F
1-2: Ground out 5-3 (Groundball, 56, EV 90.0 MPH)
Batting: RHB Jordan Groshans 0-0: Ball
1-0: DOUBLE (Flyball, 89D, EV 98.1 MPH)
Andre Lipcius scores
Batting: SHB Wenceel Perez 0-0: Ball
1-0: Called Strike
1-1: Swinging Strike
1-2: Strikes out swinging
Top of the 3rd over - 2 runs, 3 hits, 0 errors, 1 left on base; El Paso 3 - Pensacola 0
BOTTOM OF THE 3RD
Pensacola Blue Wahoos batting - Pitching for El Paso Destroyers : RHP Robinson Pina
Batting: RHB Yoander Rivero 0-0: Called Strike
0-1: Ball
1-1: Foul Ball, location: 2F
1-2: Ball
2-2: Ball
3-2: Strikes out swinging
Batting: RHB Sebastian Rivero 0-0: Ball
1-0: Swinging Strike
1-1: Foul Ball, location: 3SF
1-2: Ball
2-2: Ball
3-2: Foul Ball, location: 2F
3-2: Foul Ball, location: 7LDF
3-2: Fly out, F8 (Flyball, 78M, EV 84.4 MPH)
Batting: LHB Brett Bateman 0-0: Swinging Strike
0-1: Ball
1-1: Ball
2-1: SINGLE (Line Drive, 89S, EV 110.6 MPH)
Batting: SHB Lucius Fox 0-0: Called Strike
Brett Bateman steals 2nd base
0-1: Called Strike
0-2: Ball
1-2: Ball
2-2: Strikes out swinging
Bottom of the 3rd over - 0 runs, 1 hit, 0 errors, 1 left on base; El Paso 3 - Pensacola 0
TOP OF THE 4TH
El Paso Destroyers batting - Pitching for Pensacola Blue Wahoos : RHP Will Warren
Batting: RHB Jose Azocar 0-0: Foul Ball, location: 2F
0-1: Foul Ball, location: 2F
0-2: Ball
1-2: Fly out, F9 (Flyball, 9, EV 86.3 MPH)
Batting: SHB Jose Herrera 0-0: Ground out 4-3 (Groundball, 4, EV 90.0 MPH)
Batting: RHB William Simoneit 0-0: Ball
1-0: SINGLE (Flyball, 5D, EV 93.1 MPH)
Batting: LHB J.D. Orr 0-0: Ball
1-0: Swinging Strike
1-1: Swinging Strike
1-2: Ball
2-2: Ball
3-2: Foul Ball, location: 3FF
3-2: Base on Balls
William Simoneit to second
Batting: LHB Steele Walker 0-0: Called Strike
0-1: Ground out U3 (Groundball, 3, EV 91.9 MPH)
Top of the 4th over - 0 runs, 1 hit, 0 errors, 2 left on base; El Paso 3 - Pensacola 0
BOTTOM OF THE 4TH
Pensacola Blue Wahoos batting - Pitching for El Paso Destroyers : RHP Robinson Pina
Batting: LHB Dalton Rushing 0-0: Foul Ball, location: 2F
0-1: Ball
1-1: Ball
2-1: Ground out 4-3 (Groundball, 4, EV 101.9 MPH)
Batting: SHB Jacob Berry 0-0: Foul Ball, location: 5FF
0-1: Foul Ball, location: 2F
0-2: Ball
1-2: Foul Ball, location: 9LDF
1-2: Foul Ball, location: 23F
1-2: Foul Ball, location: 9LMF
1-2: Ball
2-2: Strikes out swinging
Batting: LHB Joe Rizzo 0-0: Called Strike
0-1: Called Strike
0-2: Hit by Pitch
Batting: RHB Cody Freeman 0-0: Called Strike
0-1: Swinging Strike
0-2: Reached on error, E8 (Flyball, 8LXD, EV 89.4 MPH)
Joe Rizzo to third
Batting: LHB Darren Baker 0-0: Ball
1-0: Called Strike
1-1: Ball
2-1: Ball
3-1: SINGLE (Groundball, 23, EV 61.9 MPH) (infield hit)
Joe Rizzo scores
Cody Freeman to third
Batting: RHB Yoander Rivero 0-0: Ball
1-0: Ball
2-0: Foul Ball, location: 9LSF
2-1: Foul Ball, location: 2LF
2-2: Foul Ball, location: 2F
2-2: SINGLE (Groundball, 4, EV 85.6 MPH)
Cody Freeman scores
Darren Baker to second
Runner from 2nd tries for 3rd, SAFE, no throw by CF
Batting: RHB Sebastian Rivero 0-0: Ball
1-0: Ball
2-0: Called Strike
2-1: Swinging Strike
2-2: Ball
3-2: Base on Balls
Yoander Rivero to second
Batting: LHB Brett Bateman 0-0: Fly out, F6 (Line Drive, 6, EV 70.0 MPH)
Bottom of the 4th over - 2 runs, 2 hits, 1 error, 3 left on base; El Paso 3 - Pensacola 2
TOP OF THE 5TH
El Paso Destroyers batting - Pitching for Pensacola Blue Wahoos : RHP Will Warren
Batting: RHB Andre Lipcius 0-0: Called Strike
0-1: Ball
1-1: Ball
2-1: Ball
3-1: Base on Balls
Batting: RHB Andres Alvarez 0-0: Fly out, F7 (Flyball, 7S, EV 96.3 MPH)
Batting: RHB Jordan Groshans 0-0: Ball
1-0: Called Strike
1-1: Foul Ball, location: 9LMF
1-2: Ball
2-2: Reached on error, E6 (Groundball, 6, EV 103.8 MPH)
Andre Lipcius to second
Batting: SHB Wenceel Perez 0-0: Foul Ball, location: 3FF
0-1: Called Strike
0-2: Ball
1-2: Foul Ball, location: 25F
1-2: Grounds into double play, 6-4-3 (Groundball, 56, EV 84.4 MPH)
Top of the 5th over - 0 runs, 0 hits, 1 error, 1 left on base; El Paso 3 - Pensacola 2
BOTTOM OF THE 5TH
Pensacola Blue Wahoos batting - Pitching for El Paso Destroyers : RHP Robinson Pina
Batting: SHB Lucius Fox 0-0: Ball
1-0: Called Strike
1-1: Ground out 1-3 (Groundball, 13S, EV 70.0 MPH)
Batting: LHB Dalton Rushing 0-0: SOLO HOME RUN (Flyball, 89XD, EV 100.6 MPH), Distance : 407 ft
Batting: SHB Jacob Berry 0-0: Ball
1-0: Ball
2-0: Called Strike
2-1: Foul Ball, location: 7LDF
2-2: Foul Ball, location: 9LSF
2-2: Strikes out swinging
Pitching: RHP Connor Seabold
Batting: LHB Joe Rizzo 0-0: Ground out 4-3 (Groundball, 4, EV 87.5 MPH)
Bottom of the 5th over - 1 run, 1 hit, 0 errors, 0 left on base; El Paso 3 - Pensacola 3
TOP OF THE 6TH
El Paso Destroyers batting - Pitching for Pensacola Blue Wahoos : RHP Will Warren
Batting: RHB Jose Azocar 0-0: Ball
1-0: Ball
2-0: Ground out 3-1 (Groundball, 34, EV 80.0 MPH)
Batting: SHB Jose Herrera 0-0: Ball
1-0: Fly out, F8 (Line Drive, 8RM, EV 88.8 MPH)
Batting: RHB William Simoneit 0-0: Foul Ball, location: 5SF
0-1: Foul Ball, location: 2F
0-2: Strikes out swinging
Top of the 6th over - 0 runs, 0 hits, 0 errors, 0 left on base; El Paso 3 - Pensacola 3
BOTTOM OF THE 6TH
Pensacola Blue Wahoos batting - Pitching for El Paso Destroyers : RHP Connor Seabold
Batting: RHB Cody Freeman 0-0: Foul Ball, location: 2F
0-1: Swinging Strike
0-2: Foul Ball, location: 3F
0-2: Ball
1-2: Foul Ball, location: 23F
1-2: Strikes out looking
Batting: LHB Darren Baker 0-0: Foul Ball, location: 3SF
0-1: Swinging Strike
0-2: SINGLE (Line Drive, 6MD, EV 99.4 MPH)
Batting: RHB Yoander Rivero 0-0: Foul Ball, location: 9LSF
0-1: Fielders Choice at 2nd, 1-6 (Groundball, 13S, EV 66.3 MPH)
Batting: RHB Sebastian Rivero 0-0: Swinging Strike
0-1: Swinging Strike
0-2: Strikes out swinging
Bottom of the 6th over - 0 runs, 1 hit, 0 errors, 1 left on base; El Paso 3 - Pensacola 3
TOP OF THE 7TH
El Paso Destroyers batting - Pitching for Pensacola Blue Wahoos : RHP Will Warren
Pitching: LHP Cristhian Tortosa
Batting: LHB J.D. Orr 0-0: Ground out 3-1 (Groundball, 34, EV 103.8 MPH)
Batting: LHB Steele Walker 0-0: Called Strike
0-1: Ball
1-1: Ground out U3 (Groundball, 3, EV 99.4 MPH)
Batting: RHB Andre Lipcius 0-0: Foul Ball, location: 9LDF
0-1: Ball
1-1: Foul Ball, location: 2F
1-2: Ball
2-2: SINGLE (Flyball, 8RS, EV 93.8 MPH)
Pitching: RHP Tommy Doyle
Batting: RHB Andres Alvarez 0-0: Ground out 5-3 (Groundball, 56S, EV 79.4 MPH)
Top of the 7th over - 0 runs, 1 hit, 0 errors, 1 left on base; El Paso 3 - Pensacola 3
BOTTOM OF THE 7TH
Pensacola Blue Wahoos batting - Pitching for El Paso Destroyers : RHP Connor Seabold
Batting: LHB Brett Bateman 0-0: SINGLE (Flyball, 78S, EV 91.9 MPH)
Batting: SHB Lucius Fox 0-0: Sac Bunt to P - play at first, batter OUT! 1-3
Brett Bateman to second
Batting: LHB Dalton Rushing 0-0: Called Strike
0-1: Swinging Strike
0-2: Strikes out swinging
Batting: SHB Jacob Berry 0-0: Foul Ball, location: 2F
0-1: Ball
1-1: Ball
2-1: Ball
3-1: Base on Balls
Batting: LHB Joe Rizzo 0-0: Ball
1-0: Fly out, F8 (Flyball, 89XD, EV 105.0 MPH)
Bottom of the 7th over - 0 runs, 1 hit, 0 errors, 2 left on base; El Paso 3 - Pensacola 3
TOP OF THE 8TH
El Paso Destroyers batting - Pitching for Pensacola Blue Wahoos : RHP Tommy Doyle
Batting: RHB Jordan Groshans 0-0: Ball
1-0: Ball
2-0: Ball
3-0: Called Strike
3-1: Base on Balls
Batting: SHB Wenceel Perez 0-0: Ball
1-0: Called Strike
1-1: Swinging Strike
1-2: Ball
2-2: Ball
3-2: TRIPLE (Flyball, 78XD, EV 104.4 MPH)
Jordan Groshans scores
Batting: RHB Jose Azocar 0-0: Called Strike
0-1: Ball
1-1: Foul Ball, location: 9LMF
1-2: Foul Ball, location: 9LMF
1-2: Ball
2-2: Fly out, F8 (Line Drive, 8LM, EV 100.0 MPH)
Runner from 3rd tags up, SCORES, throw by CF
Batting: SHB Jose Herrera 0-0: Called Strike
0-1: Ball
1-1: Called Strike
1-2: Foul Ball, location: 7LDF
1-2: Ball
2-2: Ball
3-2: Foul Ball, location: 2F
3-2: Foul Ball, location: 3DF
3-2: Fly out, F7 (Line Drive, 78M, EV 95.6 MPH)
Batting: RHB William Simoneit 0-0: SINGLE (Groundball, 4MD, EV 100.0 MPH)
Batting: LHB J.D. Orr 0-0: Called Strike
0-1: Foul Ball, location: 2F
0-2: SINGLE (Line Drive, 8LS, EV 87.5 MPH)
William Simoneit to second
Pitching: LHP Nelfri Contreras
Batting: LHB Steele Walker 0-0: Swinging Strike
0-1: Foul Ball, location: 3FF
0-2: Strikes out swinging, 2-3 out at first.
Top of the 8th over - 2 runs, 3 hits, 0 errors, 2 left on base; El Paso 5 - Pensacola 3
BOTTOM OF THE 8TH
Pensacola Blue Wahoos batting - Pitching for El Paso Destroyers : RHP Connor Seabold
Batting: RHB Cody Freeman 0-0: Ground out U3 (Groundball, 3, EV 86.3 MPH)
Batting: LHB Darren Baker 0-0: Swinging Strike
0-1: Ground out 5-3 (Groundball, 56S, EV 88.8 MPH)
Batting: RHB Yoander Rivero 0-0: Fly out, F9 (Flyball, 9D, EV 85.0 MPH)
Bottom of the 8th over - 0 runs, 0 hits, 0 errors, 0 left on base; El Paso 5 - Pensacola 3
TOP OF THE 9TH
El Paso Destroyers batting - Pitching for Pensacola Blue Wahoos : LHP Nelfri Contreras
Batting: RHB Andre Lipcius 0-0: Foul Ball, location: 2F
0-1: Ball
1-1: Swinging Strike
1-2: Strikes out swinging
Batting: RHB Andres Alvarez 0-0: Foul Ball, location: 3F
0-1: Ball
1-1: Foul Ball, location: 2F
1-2: Ball
2-2: Ball
3-2: Base on Balls
Batting: RHB Jordan Groshans 0-0: Ball
1-0: Called Strike
1-1: Fly out, F8 (Flyball, 8RXD, EV 108.8 MPH)
Batting: SHB Wenceel Perez 0-0: Foul Ball, location: 2F
0-1: Ball
1-1: Foul Ball, location: 5FF
1-2: Strikes out looking
Top of the 9th over - 0 runs, 0 hits, 0 errors, 1 left on base; El Paso 5 - Pensacola 3
BOTTOM OF THE 9TH
Pensacola Blue Wahoos batting - Pitching for El Paso Destroyers : RHP Connor Seabold
Pitching: LHP Tim Herrin
Now at 1B: Alfonso Rivas
Now at 2B: Cesar Izturis Jr.
Batting: RHB Sebastian Rivero 0-0: Ball
1-0: Called Strike
1-1: Ball
2-1: Ball
3-1: Base on Balls
Batting: LHB Brett Bateman 0-0: Ball
1-0: Called Strike
1-1: Called Strike
1-2: Ball
2-2: Fielders Choice at 2nd, 1-4 (Groundball, 15S, EV 64.4 MPH)
Batting: SHB Lucius Fox 0-0: Called Strike
0-1: Called Strike
0-2: Ball
1-2: Strikes out swinging
Batting: LHB Dalton Rushing 0-0: Called Strike
0-1: Ball
1-1: Called Strike
1-2: Fielders Choice at 2nd, 6-4 (Groundball, 6, EV 81.3 MPH)
Bottom of the 9th over - 0 runs, 0 hits, 0 errors, 1 left on base; El Paso 5 - Pensacola 3
Monday, February 5th , 2024 - OOTP Baseball 24.11 Build 85